 Dungeon Crawl Stone Soup version 0.30-a0-365-ge7f957f1db (webtiles) character file.

Game seed: 14410956313198544532

901 freelancePsychic the Shooter (level 8, -2/65 HPs)
             Began as a Barachi Brigand on Nov 17, 2022.
             Slain by a gnoll sergeant
             ... wielding a +0 spear
              (4 damage)
             ... on level 5 of the Dungeon.
             The game lasted 00:09:51 (4080 turns).

freelancePsychic the Shooter (Barachi Brigand)      Turns: 4080, Time: 00:09:52

Health: -2/65      AC:  7    Str: 12    XL:     8   Next: 7%
Magic:  8/8        EV: 11    Int: 13    God:
Gold:   189        SH:  0    Dex: 15    Spells: 7/7 levels left

rFire   + . .      SeeInvis +    b - +0 sling (flame)
rCold   + . .      Faith    .    (no shield)
rNeg    . . .      Spirit   .    v - +3 leather armour
rPois   +          Reflect  .    (no helmet)
rElec   +          Harm     .    c - +0 cloak
rCorr   +          Rampage  .    (no gloves)
Will    .....                    (no boots)
Stlth   ++........               n - amulet of regeneration
HPRegen 1.10/turn                z - ring of see invisible
MPRegen 0.11/turn                (no ring)

@: resistant, marked, weakened, unable to hop, slow
A: amphibious, slowness 1, strong legs 1, +LOS
a: Hop


You were on level 5 of the Dungeon.
You visited 1 branch of the dungeon, and saw 5 of its levels.

You collected 189 gold pieces.

Inventory:

Hand Weapons
 a - a +2 dagger
 b - a +0 sling of flaming (weapon)
Missiles
 d - 2 poisoned darts (quivered)
 e - 3 curare-tipped darts
Armour
 c - a +0 cloak (worn)
 g - a +0 robe
 v - a +3 leather armour (worn)
Jewellery
 f - an amulet of the acrobat
 n - an amulet of regeneration (around neck)
 z - a ring of see invisible (left hand)
Wands
 w - a wand of flame (14)
Scrolls
 k - 2 scrolls of torment
 o - a scroll of teleportation {@r4}
 u - a scroll of silence
Potions
 h - 2 potions of curing {unknown}
 i - 2 potions of mutation {unknown}
 j - 2 potions of attraction {unknown}
 l - a potion of lignification {unknown}
 m - 2 potions of ambrosia {unknown}
 p - a potion of degeneration {unknown}
 q - a potion of resistance
 r - a potion of heal wounds {unknown}
 s - a potion of berserk rage {unknown}
 t - a potion of haste {unknown}


   Skills:
 + Level 6.7 Fighting
 - Level 3.0 Short Blades
 * Level 6.8 Ranged Weapons
 - Level 2.0 Throwing
 - Level 1.1 Dodging
 - Level 3.6 Stealth


You had 7 spell levels left.
You didn't know any spells.
Your spell library contained the following spells:

 Spells                   Type           Power      Damage    Failure   Level
 Apportation              Tloc           0%         N/A       36%         1
 Beastly Appendage        Tmut           0%         N/A       36%         1
 Necrotise                Necr           0%         1d4       36%         1
 Summon Small Mammal      Summ           0%         N/A       36%         1
 Wereblood                Tmut           0%         N/A       52%         2
 Spider Form              Tmut/Pois      0%         N/A       75%         3


Dungeon Overview and Level Annotations

Branches:
Dungeon (5/15)
 Temple: D:4-7

Altars:
Fedhas
Nemelex Xobeh
Uskayaw
Yredelemnul

Shops:
D:3 !((*[   D:5 :

Annotations:
D:3 3 runed translucent doors, Ijyb; indyram44's ghost, amateur MiFi


Innate Abilities, Weirdness & Mutations

You are amphibious.
You cover ground slowly.
You can hop short distances.
You have an extended range of vision and can be seen from far away.


Message History

The gnoll sergeant hits you from afar with a +0 spear.
The gnoll hits you but does no damage.
Fire: b) +0 sling (flame)
Press: ? - help, Shift-Dir - straight line, f/p - gnoll sergeant
Aim: a gnoll sergeant, wielding a +0 spear, wearing a +0 scale mail and wearing a +2 kite shield (inner flame, covering ground quickly, 73% to hit)
Throw: 4 darts (poison)
Press: ? - help, Q - select action, (/) - cycle Shift-Dir - straight line, f/p - gnoll sergeant
Aim: a gnoll sergeant, wielding a +0 spear, wearing a +0 scale mail and wearing a +2 kite shield (inner flame, covering ground quickly, 73% to hit)
You throw a poisoned dart.
The gnoll sergeant blocks the poisoned dart.
An orc comes into view. It is wielding a +0 hand axe.
The gnoll bouda closely misses you.
A gnoll comes into view. It is wielding a +0 whip.
The gnoll closely misses you.
The gnoll sergeant hits you from afar with a +0 spear!
The gnoll hits you from afar with a +0 spear.
Throw: 3 darts (poison)
Press: ? - help, Q - select action, (/) - cycle Shift-Dir - straight line, f/p - gnoll sergeant
Aim: a gnoll sergeant, wielding a +0 spear, wearing a +0 scale mail and wearing a +2 kite shield (inner flame, covering ground quickly, 73% to hit)
You throw a poisoned dart.
The poisoned dart barely misses the gnoll sergeant.
The gnoll bouda gazes fiercely through you!
You feel as though you will be weak longer.
The gnoll bouda hits you with a +0 whip!
The gnoll hits you from afar with a +0 halberd!
* * * LOW HITPOINT WARNING * * *
The gnoll sergeant hits you from afar with a +0 spear.
* * * LOW HITPOINT WARNING * * *
The gnoll closely misses you.
Your legs are too worn out to hop.
Unknown command.
Okay, then.
It was a potion of resistance.
You feel protected. The gnoll bouda barely misses you.
An orc priest comes into view.
It is wielding a +1 short sword of speed.
The gnoll hits you from afar with a +0 halberd.
* * * LOW HITPOINT WARNING * * *
The gnoll sergeant hits you from afar with a +0 spear.
You die...

.P...PPPPPPP..### ..... ##
................. ....... ##..
PP........!......# ........##...
..PP.........^.o.# #.......).....
.P.....PPPPPP..o## ..............
..PP....P.......o## .......#.....
..P.....P.~~~...gg#........##..##
..P....P..~8~...O.g.#..........†.
...P....P.~~~...@g..####.........
..........~~l......#.............
..........~~~......#..........#..
.....8....~~~................###.
..........~~~................# ##
..PP...PP.~~~................# #
...P.PPP..~⌠~...............## #
..P.PPP.P.~~~...............#####
...............#.................


You could see an ogre, a gnoll sergeant (inner flame, swift), a gnoll bouda
(inner flame), an iguana, an orc priest, 2 gnolls and 2 orcs.

Vanquished Creatures
  Menkaure (D:5)
  2 ogres (D:4)
  A necrophage (D:4)
  A scorpion (D:5)
  3 hounds
  2 orc priests
  2 iguanas
  2 orc wizards (D:4)
  A hound zombie (D:3)
  4 gnolls
  8 adders
  An adder zombie (D:3)
  3 worms
  A dart slug (D:1)
  10 orcs
  4 endoplasms
  8 giant cockroaches
  4 goblins
  8 hobgoblins
  7 jackals (D:1)
  9 kobolds
  6 quokkas
  11 ball pythons
  5 bats
  5 frilled lizards
  5 rats
114 creatures vanquished.

Notes
Turn   | Place    | Note
-------+----------+-------------------------------------------
     0 | D:1      | freelancePsychic the Barachi Brigand began the quest for
                  | the Orb.
     0 | D:1      | Reached XP level 1. HP: 17/17 MP: 1/1
   107 | D:1      | Reached XP level 2. HP: 17/23 MP: 2/2
   475 | D:1      | Reached XP level 3. HP: 28/29 MP: 3/3
   676 | D:1      | Reached skill level 1 in Ranged Weapons
  1186 | D:2      | Reached XP level 4. HP: 20/37 MP: 4/4
  1449 | D:2      | Reached XP level 5. HP: 42/42 MP: 5/5
  1781 | D:2      | Found a faded altar of an unknown god.
  2045 | D:3      | Found a runed translucent gate.
  2045 | D:3      | Found a runed translucent gate.
  2045 | D:3      | Found a runed translucent gate.
  2045 | D:3      | Noticed indyram44's ghost (amateur MiFi)
  2047 | D:3      | Found a basalt altar of Yredelemnul.
  2128 | D:3      | Found Imofatal's Antique Weapon Emporium.
  2181 | D:3      | Found Kaotasi's Assorted Antiques.
  2185 | D:3      | Found Zogom's Weapon Shop.
  2297 | D:3      | Noticed Ijyb
  2414 | D:3      | Found Kici's Distillery.
  2630 | D:3      | Found Nealo's Antique Armour Boutique.
  2938 | D:4      | Noticed an ogre
  2945 | D:4      | Found a hide-covered altar of Uskayaw.
  2955 | D:4      | Killed an ogre
  2956 | D:4      | Reached skill level 5 in Fighting
  2956 | D:4      | Reached XP level 6. HP: 51/51 MP: 6/6
  3094 | D:4      | Reached skill level 5 in Ranged Weapons
  3195 | D:4      | Reached XP level 7. HP: 53/56 MP: 7/7
  3623 | D:4      | Found a sparkling altar of Nemelex Xobeh.
  3693 | D:5      | Entered Level 5 of the Dungeon
  3693 | D:5      | Found a blossoming altar of Fedhas.
  3899 | D:5      | Noticed Menkaure
  3937 | D:5      | Killed Menkaure
  3938 | D:5      | Reached XP level 8. HP: 26/65 MP: 8/8
  3995 | D:5      | Found Zish's Book Emporium.
  4080 | D:5      | HP: 2/65 [gnoll/+0 halberd[a gnoll sergeant] (4)]
  4080 | D:5      | Slain by a gnoll sergeant

Illustrated notes

Levels and vault maps discovered:
D:1:      dpeg_arrival_more_subterranean_lakeside_camping, layout_basic
D:2:      layout_basic, chequers_ecumenical_altar_simple
D:3:      layout_loops_ring, nicolae_yredelemnul_ghost_church, serial_shops,
          shop, nicolae_shop_advertising_works [nicolae_subvault_shop_adworks],
          nicolae_square_shop, nicolae_shop_trees, shop, minmay_misc_feat_cross,
          uniq_ijyb
D:4:      layout_loops_ring, mainiacjoe_overflow_catwalk,
          mainiacjoe_overflow_brackets
D:5:      layout_cave_pools, mainiacjoe_overflow_alcove_4, serial_park,
          serial_park_paths [serial_park_minivault_5x5_7], serial_park_tiny_1,
          serial_park_square1 [serial_park_minivault_5x5_3], serial_shops,
          nicolae_take_the_stairs, uniq_menkaure

Skill      XL: |  1  2  3  4  5  6  7 |
---------------+----------------------+-----
Fighting       | 3 4 5 6 |  6.7
Short Blades   | 3 |  3.0
Ranged Weapons | 2 4 5 6 |  6.8
Throwing       | |  2.0
Dodging        | |  1.1
Stealth        | |  3.6

Action                   |  1- 3 |  4- 6 |  7- 9 || total
-------------------------+-------+-------+-------++-------
Melee: Dagger            |    52 |       |       ||    52
 Fire: Sling             |    70 |   238 |   142 ||   450
Throw: Dart              |    15 |    33 |    25 ||    73
 Abil: Hop               |       |     4 |     2 ||     6
  Use: Scroll            |     2 |     3 |     3 ||     8
       Potion            |       |       |     1 ||     1
 Stab: Sleeping          |     1 |       |       ||     1
Armor: Robe              |    27 |    22 |    14 ||    63
       Leather armour    |       |       |     3 ||     3
Dodge: Dodged            |    44 |    92 |    47 ||   183

Table legend: (Time is in decaauts)
 A = Elapsed time spent in this place.
 B = Non-inter-level travel time spent in this place.
 C = Inter-level travel time spent in this place.
 D = Time resting spent in this place.
 E = Time spent auto-exploring this place.
 F = Levels seen in this place.
 G = Mean time per level.
                   A        B        C        D        E       F      G
               +--------+--------+--------+--------+--------+-----+--------+
         Total |   4739 |   4514 |    225 |     38 |   3439 |   5 |  947.8 |
       Dungeon |   4739 |   4514 |    225 |     38 |   3439 |   5 |  947.8 |
               +--------+--------+--------+--------+--------+-----+--------+

Top non-repeatable levels by time:
     D:1: 1312 daAuts
     D:3: 1091 daAuts
     D:2: 1009 daAuts
     D:4: 970 daAuts
     D:5: 355 daAuts
